 Dungeon Crawl Stone Soup version 0.21-a0-221-gfe971b9 (webtiles) character file.

2090 Fuzzwah the Cleaver (level 9, -1/79 HPs)
             Began as a Minotaur Berserker on Aug 27, 2017.
             Was an Elder of Trog.
             Slain by an orc warrior
             ... wielding a +0 scimitar
              (18 damage)
             ... on level 6 of the Dungeon.
             The game lasted 00:12:51 (3541 turns).

Fuzzwah the Cleaver (Minotaur Berserker)            Turns: 3541, Time: 00:12:51

Health: -1/79      AC:  7    Str: 21    XL:     9   Next: 6%
Magic:  8/8        EV: 14    Int:  4    God:    Trog [****..]
Gold:   326        SH:  0    Dex: 14    Spells: 8/8 levels left

rFire    . . .     SeeInvis .   c - +0 war axe
rCold    . . .     Gourm    .   (no shield)
rNeg     + . .     Faith    .   e - +0 ring mail
rPois    .         Spirit   .   (helmet restricted)
rElec    .         Reflect  .   (no cloak)
rCorr    .         Harm     .   (no gloves)
MR       .....                  D - +0 pair of boots
Stlth    +++.......             (no amulet)
HPRegen  0.23/turn              j - ring of stealth {Stlth+}
MPRegen  0.11/turn              b - ring of positive energy {rN+}

@: no status effects
A: retaliatory headbutt, horns 2
a: Berserk, Trog's Hand, Brothers in Arms, Burn Spellbooks, Renounce Religion


You were on level 6 of the Dungeon.
You worshipped Trog.
Trog was greatly pleased with you.
You were not hungry.

You visited 1 branch of the dungeon, and saw 6 of its levels.
You also visited: Sewer.

You collected 326 gold pieces.

Inventory:

Hand Weapons
 a - a +0 hand axe
 c - a +0 war axe (weapon)
   (You took it off an orc on level 5 of the Dungeon)
Armour
 e - a +0 ring mail (worn)
   (You found it on level 1 of the Dungeon)
 C - a +1 leather armour of poison resistance
   (You took it off an orc on level 6 of the Dungeon)
 D - a +0 pair of boots (worn)
   (You found it in a sewer)
Jewellery
 b - a ring of positive energy (right hand) {rN+}
   (You found it on level 5 of the Dungeon)
 j - a ring of stealth (left hand) {Stlth+}
   (You found it on level 1 of the Dungeon)
Wands
 s - a wand of confusion (17/48)
   (You found it on level 3 of the Dungeon)
 t - a wand of confusion (19/48)
   (You found it on level 5 of the Dungeon)
 x - a wand of paralysis (13/24)
   (You found it on level 4 of the Dungeon)
Scrolls
 h - 2 scrolls of recharging {unknown}
 i - a scroll of identify {@r1}
 l - 2 scrolls of remove curse
 m - 3 scrolls of teleportation
 o - 2 scrolls of enchant weapon {unknown}
 u - 2 scrolls of random uselessness {unknown}
 y - a scroll of enchant armour {unknown}
 B - a scroll of vulnerability {unknown}
 E - a scroll of blinking {unknown}
Potions
 d - 2 potions of ambrosia
 g - 2 potions of haste {unknown}
 k - a potion of invisibility {unknown}
 n - a potion of lignification {unknown}
 q - a potion of cancellation {unknown}
 r - a potion of curing {unknown}
 A - a potion of brilliance {unknown}
 F - a potion of magic {unknown}
Books
 p - a book of Cantrips
   (You found it on level 3 of the Dungeon)
Comestibles
 v - a fruit
 w - a royal jelly
 z - 3 bread rations {@e1}


   Skills:
 + Level 7.2 Fighting
 * Level 9.3 Axes
 + Level 6.5 Armour
 + Level 5.6 Dodging
 + Level 3.1 Stealth


You had 8 spell levels left.
You didn't know any spells.

Dungeon Overview and Level Annotations

Branches:
Dungeon (6/15)
 Temple: D:4-7

Altars:
Dithmenos
Hepliaklqana
Nemelex Xobeh
Ru
Trog
Uskayaw
Yredelemnul


Innate Abilities, Weirdness & Mutations

You reflexively headbutt those who attack you in melee.
You have a pair of horns on your head.


Message History

You hit the killer bee zombie. The killer bee zombie hits you.
You take 2 damage, and have 59/73 hp.
You slash the killer bee zombie!
Your headbutt misses the killer bee zombie.
The killer bee zombie hits you but does no damage. x2
You closely miss the killer bee zombie. The killer bee zombie hits you.
The killer bee zombie misses you.
You take 1 damage, and have 59/73 hp.
You closely miss the killer bee zombie.
The killer bee zombie closely misses you.
The killer bee zombie hits you.
You take 4 damage, and have 55/73 hp.
You hit the killer bee zombie.
Your headbutt misses the killer bee zombie.
The killer bee zombie hits you but does no damage.
The killer bee zombie hits you.
You take 4 damage, and have 51/73 hp.
You slash the killer bee zombie!
You destroy the killer bee zombie!
Trog accepts your kill.
You have reached level 9!
Your experience leads to an increase in your attributes!
Increase (S)trength, (I)ntelligence, or (D)exterity?
You feel agile.
You regained 5 hp, and now have 56/79 hp.
MP restored: 8 You are starving!
F - a fuming emerald potion You eat the meat ration {@e2}.
That meat ration really hit the spot!
You now have 326 gold pieces (gained 11).
A water moccasin skeleton comes into view.
You regained 3 hp, and now have 60/79 hp.
The helpless water moccasin skeleton fails to defend itself.
You slice the water moccasin skeleton!!
The water moccasin skeleton barely misses you.
The water moccasin skeleton closely misses you.
You furiously retaliate!
You headbutt the water moccasin skeleton.
You slash the water moccasin skeleton!
You destroy the water moccasin skeleton!
Trog accepts your kill.
No target in view!
An orc and a crimson imp come into view.
You regained 5 hp, and now have 66/79 hp.
The helpless crimson imp fails to defend itself.
You slash the crimson imp!
You kill the crimson imp!
Trog accepts your kill.
You hit the orc. You headbutt the orc.
You kill the orc!
Trog accepts your kill.
No target in view!
No target in view!
An orc warrior and an orc priest come into view.
Things that are here:
a mace; a scroll of remove curse; an orc corpse The helpless orc warrior fails to defend itself.
You hit the orc warrior but do no damage.
You headbutt the orc warrior!
The orc warrior hits you but does no damage.
You barely miss the orc warrior.
The orc warrior hits you with a scimitar!
You take 12 damage, and have 56/79 hp.
You hit the orc warrior.
The orc warrior hits you with a scimitar!
You take 17 damage, and have 39/79 hp.
MASSIVE DAMAGE!!
You are too injured to fight recklessly!
You are too injured to fight recklessly!
You are too injured to fight recklessly!
You are too injured to fight recklessly!
You slash the orc warrior! Your headbutt misses the orc warrior.
The orc priest calls upon Beogh to heal the orc warrior.
The orc warrior is healed somewhat.
The orc warrior closely misses you.
You hit the orc warrior but do no damage.
The orc priest casts a cantrip, but nothing happens.
The orc warrior hits you with a scimitar.
A quokka comes into view.
You take 1 damage, and have 39/79 hp.
You hit the orc warrior. You completely miss the orc warrior.
You closely miss the orc priest. The orc priest closely misses you.
You furiously retaliate!
You headbutt the orc priest!
The orc warrior hits you with a scimitar!!
* * * LOW HITPOINT WARNING * * *
You take 19 damage, and have 20/79 hp.
MASSIVE DAMAGE!!
You closely miss the orc priest. Your headbutt misses the orc priest.
You hit the orc warrior.
The orc priest mumbles some strange prayers to Beogh against you.
Pain shoots through your body!
* * * LOW HITPOINT WARNING * * *
The orc warrior hits you but does no damage.
You take 4 damage, and have 16/79 hp.
You slash the orc priest!
You kill the orc priest!
Trog accepts your kill.
You barely miss the orc warrior.
The orc warrior hits you with a scimitar!!
You die...

####.........#.#
#########.........#.#
..................#.#
#############.#.###.#
#.....#.# #.#
#.#####.###.# #.#
#..#..# #####)#
##.#.## #r@...# #.#.#
#...o##### #.#.#
#...### #.#.# ##.
#...# ##.## #.# #.#
#.# #.#


You could see an orc warrior and a quokka.

Vanquished Creatures
  A two-headed ogre (D:5)
  An orc warrior (D:6)
  2 phantoms (D:4)
  2 ogres
  A centaur (D:5)
  2 bullfrogs (Sewer)
  2 scorpions (D:5)
  A water moccasin skeleton (D:6)
  A howler monkey (D:5)
  A crimson imp (D:6)
  A bullfrog zombie (D:5)
  A hound (D:5)
  3 orc priests (D:6)
  2 orc wizards (D:4)
  2 bullfrog skeletons
  An iguana (D:4)
  A worker ant (D:5)
  A killer bee zombie (D:6)
  A worker ant zombie (D:5)
  3 gnolls (D:4)
  4 adders
  A shadow imp (D:5)
  10 oozes
  2 worms (D:5)
  A dart slug (D:1)
  9 leopard geckos
  14 orcs
  10 ball pythons
  7 bats (D:1)
  11 giant cockroaches
  6 goblins
  9 hobgoblins
  3 jackals (D:1)
  6 kobolds
  6 frilled lizards
  7 rats
136 creatures vanquished.

Notes
Turn   | Place    | Note
-------+----------+-------------------------------------------
     0 | D:1      | Fuzzwah the Minotaur Berserker began the quest for the Orb.
     0 | D:1      | Reached XP level 1. HP: 19/19 MP: 0/0
    81 | D:1      | Reached skill level 4 in Axes
    81 | D:1      | Reached XP level 2. HP: 24/27 MP: 1/1
   385 | D:1      | Reached skill level 3 in Armour
   443 | D:1      | Reached XP level 3. HP: 23/33 MP: 2/2
   605 | D:1      | Reached ** piety under Trog
   796 | D:2      | You fall through a shaft!
  1324 | D:4      | Reached skill level 4 in Fighting
  1326 | D:4      | Reached XP level 4. HP: 32/40 MP: 3/3
  1358 | D:4      | Noticed a phantom
  1374 | D:4      | Killed a phantom
  1374 | D:4      | Reached skill level 5 in Axes
  1374 | D:4      | Reached skill level 3 in Dodging
  1374 | D:4      | Reached XP level 5. HP: 27/47 MP: 4/4
  1498 | D:4      | Noticed a phantom
  1525 | D:4      | Killed a phantom
  1525 | D:4      | Reached skill level 4 in Armour
  1595 | D:4      | Reached XP level 6. HP: 34/53 MP: 5/5
  1628 | D:4      | Reached skill level 6 in Axes
  1710 | D:4      | Reached skill level 5 in Fighting
  2167 | D:5      | Entered Level 5 of the Dungeon
  2197 | D:5      | Reached *** piety under Trog
  2197 | D:5      | Reached XP level 7. HP: 41/61 MP: 6/6
  2211 | D:5      | HP: 10/61 [centaur/arrow (13)]
  2221 | D:5      | HP: 12/61 [centaur (1)]
  2223 | D:5      | Reached skill level 4 in Dodging
  2381 | D:5      | Reached skill level 7 in Axes
  2381 | D:5      | Reached skill level 5 in Armour
  2381 | D:5      | Reached skill level 1 in Stealth
  2473 | D:5      | Noticed a two-headed ogre
  2492 | D:5      | Found a sparkling altar of Nemelex Xobeh.
  2568 | D:5      | HP: 14/62 [orc/flail (2)]
  2706 | D:5      | Found a shadowy altar of Dithmenos.
  2718 | D:5      | Killed a two-headed ogre
  2718 | D:5      | Reached skill level 6 in Fighting
  2718 | D:5      | Reached skill level 8 in Axes
  2718 | D:5      | Reached skill level 6 in Armour
  2718 | D:5      | Reached skill level 5 in Dodging
  2718 | D:5      | Reached skill level 2 in Stealth
  2718 | D:5      | Reached XP level 8. HP: 49/71 MP: 7/7
  2852 | D:5      | Found a glowing drain.
  2856 | Sewer    | Entered a sewer
  2987 | Sewer    | Reached **** piety under Trog
  3069 | Sewer    | Reached skill level 9 in Axes
  3070 | Sewer    | Reached skill level 7 in Fighting
  3126 | D:5      | Found a hazy altar of Hepliaklqana.
  3165 | D:5      | Found a sacrificial altar of Ru.
  3166 | D:5      | Found a basalt altar of Yredelemnul.
  3166 | D:5      | Found a hide-covered altar of Uskayaw.
  3166 | D:5      | Found a bloodstained altar of Trog.
  3413 | D:6      | Reached skill level 3 in Stealth
  3481 | D:6      | Reached XP level 9. HP: 56/79 MP: 8/8
  3540 | D:6      | HP: 16/79 [orc priest/nerve-wracking pain (4)]
  3541 | D:6      | Slain by an orc warrior

Vault maps used:
D:1:      matt_arrival_los_fun, serial_curves, eino_curves_04, eino_curves_04,
          eino_curves_01, eino_curves_02, hex_tiny
D:5:      lemuel_doored_altar, grunt_temple_overflow_open, gup_sewer_entry_bowl,
          first_bread, nemelex_dance_club_becter
D:6:      tso_altar, serial_shops, shop, hangedman_abyss_or_decor_passed,
          st_stairs_14, trog_wizard
Sewer:    sewer_frog_island_02

Skill      XL: |  1  2  3  4  5  6  7  8 |
---------------+-------------------------+-----
Axes           | 4 5 6 8 9 |  9.3
Armour         | 3 4 6 |  6.5
Fighting       | 4 5 6 7 |  7.2
Dodging        | 3 5 |  5.6
Stealth        | 2 3 |  3.1

Action                   |  1- 3 |  4- 6 |  7- 9 || total
-------------------------+-------+-------+-------++-------
Melee: Hand axe          |   106 |    55 |       ||   161
       Headbutt          |    13 |    10 |    32 ||    55
       War axe           |       |     6 |   160 ||   166
Invok: Berserk           |       |     2 |     5 ||     7
  Use: Scroll            |       |       |     5 ||     5
 Stab: Sleeping          |     1 |     3 |     6 ||    10
  Eat: Chunk             |     1 |     3 |     5 ||     9
       Bread ration      |       |     1 |       ||     1
       Meat ration       |       |       |     1 ||     1
Armor: Animal skin       |    10 |       |       ||    10
       Ring mail         |    19 |    16 |    49 ||    84
       Leather armour    |       |       |     1 ||     1
Dodge: Dodged            |    70 |    29 |   132 ||   231

Table legend:
 A = Spawn XP
 B = Non-spawn XP
 C = Spawn XP percentage of total XP
 D = Spawn monster count
 E = Non-spawn monster count
 F = Spawn count percentage of total count
 G = Total turns spent on level
                    A         B        C        D         E        F      G
               +---------+---------+-------+---------+---------+-------+---------
         Total |     288 |    2698 |   9.6 |       8 |     128 |   5.9 |  3541
               +---------+---------+-------+---------+---------+-------+---------
           D:1 |       1 |      55 |   1.8 |       1 |      31 |   3.1 |   724
           D:2 |       0 |      10 |   0.0 |       0 |       7 |   0.0 |    72
           D:3 |       0 |      13 |   0.0 |       0 |       8 |   0.0 |   435
           D:4 |     276 |     289 |  48.8 |       6 |       5 |  54.5 |   936
           D:5 |      11 |    1575 |   0.7 |       1 |      26 |   3.7 |   984
           D:6 |       0 |     416 |   0.0 |       0 |      10 |   0.0 |   132
         Sewer |       0 |     340 |   0.0 |       0 |      41 |   0.0 |   258
               +---------+---------+-------+---------+---------+-------+---------

Vault maps used:
D:1:      matt_arrival_los_fun, serial_curves, eino_curves_04, eino_curves_04,
          eino_curves_01, eino_curves_02, hex_tiny
D:5:      lemuel_doored_altar, grunt_temple_overflow_open, gup_sewer_entry_bowl,
          first_bread, nemelex_dance_club_becter
D:6:      tso_altar, serial_shops, shop, hangedman_abyss_or_decor_passed,
          st_stairs_14, trog_wizard
Sewer:    sewer_frog_island_02

Table legend:
 A = Turns spent in this place as a percentage of turns spent in the entire game.
 B = Non-inter-level travel turns spent in this place as a percentage of non-inter-level travel turns spent in the entire game.
 C = Inter-level travel turns spent in this place as a percentage of turns spent in this place.
 D = Turns resting spent in this place as a percentage of non-inter-level travel turns spent in this place.
 E = Turns spent auto-exploring this place as a percentage of non-inter-level travel turns spent in this place.
 F = Non-inter-level travel turns spent in this place divided by the number of levels of this place that you've seen.
                   A       B       C       D       E      F
               +-------+-------+-------+-------+-------+----------------------
         Total | 100.0 | 100.0 |   2.7 |   9.9 |  65.4 | 492.0
       Dungeon |  92.7 |  92.5 |   3.0 |  10.7 |  68.6 | 531.0
         Sewer |   7.3 |   7.5 |   0.0 |   0.0 |  26.0 | 258.0
               +-------+-------+-------+-------+-------+----------------------

Table legend:
 A = Kills in this place as a percentage of kills in entire the game.
 B = Kills by you in this place as a percentage of kills by you in the entire game.
 C = Kills by friends in this place as a percentage of kills by friends in the entire game.
 D = Other kills in this place as a percentage of other kills in the entire game.
 E = Experience gained in this place as a percentage of experience gained in the entire game.
 F = Experience gained in this place divided by the number of levels of this place that you have seen.
                   A       B       C       D       E      F
               +-------+-------+-------+-------+-------+----------------------
         Total | 100.0 | 100.0 |   N/A |   N/A | 100.0 | 426.6
       Dungeon |  69.9 |  69.9 |   N/A |   N/A |  88.6 | 441.0
         Sewer |  30.1 |  30.1 |   N/A |   N/A |  11.4 | 340.0
               +-------+-------+-------+-------+-------+----------------------
